 Dungeon Crawl Stone Soup version 0.19-a0-1821-g42c593c (webtiles) character file.

381 Ijustatesigmund the Sneak (level 6, 0/30 HPs)
             Began as a Spriggan Assassin on Oct 6, 2016.
             Killed from afar by an orc wizard (6 damage)
             ... with a magic dart
             ... on level 6 of the Dungeon.
             The game lasted 00:11:47 (3995 turns).

Ijustatesigmund the Sneak (Spriggan Assassin)       Turns: 3995, Time: 00:11:49

Health: 0/30       AC:  6    Str:  7    XL:     6   Next: 46%
Magic:  10/10      EV: 21    Int: 12    God:
Gold:   162        SH:  6    Dex: 20    Spells: 0 memorised, 5 levels left

rFire  . . .     SeeInvis +     a - +3 dagger
rCold  . . .     Gourm    .     c - +1 robe
rNeg   . . .     Faith    .     (shield restricted)
rPois  .         Spirit   .     (helmet restricted)
rElec  .         Dismiss  .     k - +2 cloak {+Inv}
rCorr  .         Reflect  +     (gloves unavailable)
MR     +....     Harm     .     (boots unavailable)
Stlth  ++++......               t - +6 amulet of reflection
                                (no ring)
                                (no ring)

@: lethally poisoned (0 -> -2), drained, very quick
A: unfitting armour, see invisible, herbivore 3, speed 3, slow metabolism 2
a: Evoke Invisibility


You were on level 6 of the Dungeon.
You were not hungry.

You visited 1 branch of the dungeon, and saw 6 of its levels.

You collected 162 gold pieces.

Inventory:

Hand Weapons
 a - a +3 dagger (weapon)
 b - a +0 blowgun
Missiles
 e - 21 poisoned needles
 f - a curare-tipped needle
 r - 3 throwing nets (quivered)
Armour
 c - a +1 robe (worn)
 k - a +2 cloak of invisibility (worn)
Jewellery
 p - an uncursed ring of fire
 t - a +6 amulet of reflection (around neck)
Scrolls
 h - 4 scrolls of remove curse
 j - 3 scrolls of teleportation
Potions
 d - a potion of cancellation
 i - a potion of agility
 l - a potion of heal wounds {unknown}
 m - 3 potions of magic
 o - a potion of flight
 s - a potion of degeneration {unknown}
Comestibles
 g - 4 bread rations


   Skills:
 - Level 1.5 Fighting
 - Level 3.8 Short Blades
 - Level 2.0(1.9) Throwing
 - Level 4.8 Dodging
 - Level 7.3(7.2) Stealth
 + Level 5.2 Evocations


You had 5 spell levels left.
You didn't know any spells.

Dungeon Overview and Level Annotations

Branches:
Dungeon (6/15)
 Temple: D:4-7

Altars:
Elyvilon
Yredelemnul

Annotations:
D:4 Ijustatesigmund's ghost, amateur SpAs


Innate Abilities, Weirdness & Mutations

You are very small and have problems with some larger weapons.
You are too small for most types of armour.
You have supernaturally acute eyesight. (SInv)
You are a herbivore.
You cover ground extremely quickly.
You need consume almost no food.


Message History

The orc wizard misses you.
You hit the orc wizard but do no damage.
The orc wizard is heavily wounded.
The orc completely misses you.
The orc wizard gestures wildly while chanting.
The orc wizard blinks!
You see here 13 gold pieces.
You hit the orc.
The orc is moderately wounded.
You feel sick. The orc barely misses you. The orc completely misses you.
You barely miss the orc.
The orc is moderately wounded.
The orc wizard casts a spell.
The orc wizard blinks!
The orc hits you with a flail.
* * * LOW HITPOINT WARNING * * *
You hit the orc.
You kill the orc!
The orc wizard gestures at you while chanting.
The magic dart hits you!
You die...

....# ....# ....#
....# ####.o..#
#.......###
#..........
#.o.§...### ####
##@#....# ...
#)#.##.######.#
#.#.##.#......#
#.####.#.##.#......#
#........##§#..<...#
######...##§#......#
#....#§#......#
#....#§#......#
#......§.####.#


You could see an orc wizard and an orc.

Vanquished Creatures
  A bullfrog (D:4)
  A jelly (D:6)
  Crazy Yiuf (D:3)
  Ijyb (D:2)
  3 worker ants
  A hound zombie (D:3)
  3 adders
  2 gnolls
  An ooze (D:2)
  2 worms
  2 dart slugs (D:1)
  2 leopard geckos (D:3)
  7 orcs
  2 giant cockroaches (D:4)
  3 goblins
  9 hobgoblins
  13 jackals
  6 kobolds
  A quokka (D:2)
  4 ball pythons
  9 bats
  2 frilled lizards (D:3)
  A quokka skeleton (D:4)
  4 rats
81 creatures vanquished.

Notes
Turn   | Place    | Note
-------+----------+-------------------------------------------
     0 | D:1      | Ijustatesigmund the Spriggan Assassin began the quest for the Orb.
     0 | D:1      | Reached XP level 1. HP: 10/10 MP: 2/2
   238 | D:1      | Reached skill level 6 in Stealth
   238 | D:1      | Reached XP level 2. HP: 7/14 MP: 3/3
   431 | D:1      | Reached XP level 3. HP: 11/18 MP: 4/4
   854 | D:2      | Noticed Ijyb
   944 | D:2      | Killed Ijyb
  1206 | D:2      | Reached XP level 4. HP: 22/22 MP: 5/5
  1827 | D:3      | Reached skill level 7 in Stealth
  1908 | D:3      | Found a white marble altar of Elyvilon.
  1988 | D:3      | You fall through a shaft!
  2020 | D:3      | Reached XP level 5. HP: 15/25 MP: 6/6
  2152 | D:3      | Found a runed door.
  2190 | D:3      | Noticed Crazy Yiuf
  2197 | D:3      | Killed Crazy Yiuf
  2298 | D:3      | Reached skill level 1 in Evocations
  2957 | D:4      | Found a basalt altar of Yredelemnul.
  3264 | D:4      | Noticed Ijustatesigmund's ghost (amateur SpAs)
  3425 | D:5      | Entered Level 5 of the Dungeon
  3556 | D:4      | Reached XP level 6. HP: 12/30 MP: 9/9
  3917 | D:6      | Reached skill level 5 in Evocations
  3995 | D:6      | Killed from afar by an orc wizard

Vault maps used:
D:1:      minmay_arrival_pointy, serial_forest, infiniplex_forest_lined_1,
          infiniplex_forest_corner_1, infiniplex_forest_lined_corner,
          infiniplex_forest_clump_medium, infiniplex_forest_lined_3_way
D:2:      kennysheep_generic_room_3, uniq_iyjb
D:3:      lemuel_tele_altar, uniq_crazy_yiuf_cottage
D:4:      yredelemnul_altar_generic
D:5:      first_bread
D:6:      gup_ossuary_entry_pyramid

Skill      XL: |  1  2  3  4  5  6 |
---------------+-------------------+-----
Dodging        | 2 3 4 |  4.8
Stealth        | 6 7 |  7.3
Short Blades   | 3 |  3.8
Evocations     | 3 5 |  5.2
Fighting       | |  1.5
Throwing       | |  2.0

Action                   |  1- 3 |  4- 6 || total
-------------------------+-------+-------++-------
Melee: Dagger            |   107 |   377 ||   484
 Fire: Blowgun           |    10 |     1 ||    11
  Use: Scroll            |       |    14 ||    14
       Potion            |       |     2 ||     2
 Stab: Sleeping          |     6 |    14 ||    20
       Distracted        |     1 |       ||     1
  Eat: Pizza             |       |     1 ||     1
Armor: Robe              |    11 |    49 ||    60
Dodge: Dodged            |    77 |   299 ||   376
Block: Other             |       |    57 ||    57
